 Dungeon Crawl Stone Soup version 0.21.0-3-g78d12a8 (console) character file.

287 removed the Ducker (level 6, -3/43 HPs)
             Began as a Halfling Fire Elementalist on Jan 9, 2018.
             Was an Initiate of Okawaru.
             Killed from afar by an orc wizard (6 damage)
             ... with a puff of flame
             ... on level 3 of the Dungeon.
             The game lasted 00:07:17 (5049 turns).

removed the Ducker (Halfling Fire Elementalist)     Turns: 5049, Time: 00:07:17

Health: -3/43      AC:  3    Str:  9    XL:     6   Next: 56%
Magic:  8/8        EV: 18    Int: 13    God:    Okawaru [......]
Gold:   183        SH:  0    Dex: 17    Spells: 7/8 levels left

rFire    . . .     SeeInvis .   a - +0 trident
rCold    . . .     Gourm    .   (shield currently unavailable)
rNeg     . . .     Faith    .   i - +0 robe
rPois    .         Spirit   .   (no helmet)
rElec    .         Reflect  .   f - +0 cloak
rCorr    .         Harm     .   (no gloves)
MR       .....                  (no boots)
Stlth    ++........             (no amulet)
HPRegen  0.14/turn              (no ring)
MPRegen  0.11/turn              (no ring)

@: no status effects
A: small, mutation resistance 1
a: Renounce Religion


You were on level 3 of the Dungeon.
You worshipped Okawaru.
Okawaru was noncommittal.
You were very hungry.

You visited 1 branch of the dungeon, and saw 5 of its levels.

You collected 183 gold pieces.

Inventory:

Hand Weapons
 a - a +0 trident (weapon)
 b - the +1 hunting sling of Valiance {flame, rElec Dex+4 Stlth+}
   (You found it on level 5 of the Dungeon)

   It causes projectiles fired from it to burn those they strike, causing extra
   injury to most foes and up to half again as much damage against particularly
   susceptible opponents.
   It affects your dexterity (+4).
   It insulates you from electricity.
   It makes you more stealthy.
 g - a cursed -2 club
 j - a +0 short sword
 s - a +0 spear
Missiles
 F - 74 stones (quivered)
Armour
 f - a +0 cloak (worn)
 i - a +0 robe (worn)
Scrolls
 n - 2 scrolls of teleportation {unknown}
 o - 2 scrolls of identify {unknown}
 p - 2 scrolls of remove curse
 t - a scroll of enchant weapon {unknown}
 v - a scroll of immolation {unknown}
 y - a scroll of blinking {unknown}
 B - a scroll of enchant armour {unknown}
 C - a scroll of amnesia {unknown}
Potions
 l - 3 potions of curing
 q - 2 potions of heal wounds {unknown}
 w - 2 potions of haste {unknown}
 x - 2 potions of lignification {unknown}
 z - 2 potions of mutation {unknown}
 D - a potion of resistance
Books
 k - a book of Battle

   Spells                             Type                      Level
   a - Infusion                       Charms                       1
   b - Shroud of Golubria             Charms/Translocation         2
   c - Song of Slaying                Charms                       2
   d - Spectral Weapon                Hexes/Charms                 3
   e - Regeneration                   Charms/Necromancy            3
 E - a book of Flames

   Spells                             Type                      Level
   a - Flame Tongue                   Conjuration/Fire             1
   b - Throw Flame                    Conjuration/Fire             2
   c - Conjure Flame                  Conjuration/Fire             3
   d - Inner Flame                    Hexes/Fire                   3
   e - Sticky Flame                   Conjuration/Fire             4
   f - Fireball                       Conjuration/Fire             5
Comestibles
 c - 9 rations


   Skills:
 + Level 3.8 Fighting
 - Level 5.1 Dodging
 - Level 2.1 Stealth
 - Level 1.5 Spellcasting
 - Level 0.7 Conjurations
 - Level 3.0 Fire Magic


You had 7 spell levels left.
You knew the following spells:

 Your Spells              Type           Power        Failure   Level  Hunger
a - Flame Tongue          Conj/Fire      #....        12%         1    ##.....


Dungeon Overview and Level Annotations

Branches:
Dungeon (5/15)
 Temple: D:4-7

Altars:
Okawaru

Annotations:
D:4 exclusion: phantom


Innate Abilities, Weirdness & Mutations

You are small and have problems with some larger weapons.
You are somewhat resistant to further mutation.


Message History

* * * LOW HITPOINT WARNING * * *
Something hits you.
* * * LOW HITPOINT WARNING * * *
You miss something. Something hits you but does no damage. Something hits you.
* * * LOW HITPOINT WARNING * * *
You miss something. Something hits you.
* * * LOW HITPOINT WARNING * * *
Something barely misses you.
You miss something. Something hits you but does no damage.
Something completely misses you.
You hit something. Something closely misses you.
You hear some strange, mumbled words.
A puff of flame appears from out of thin air!
The puff of flame hits you!
* * * LOW HITPOINT WARNING * * *
You miss something.
You hear some strange, mumbled words.
A puff of flame appears from out of thin air!
The puff of flame hits you!
You die...

##..#..##.# #........##..........
#..##.##.###........##..........
##..##.##.<.((.......##..........
.#..##..#.###....................
.#..###.#)# ####'#.##....#+####..
.#..###..(# #.#.##......# #..
..........# #.#.##......####..
.#.#.###.(######.#.##............
.#.#.# #.......{@#.##......#.####
.#.#.###..###....#.##......#.....
.#.................###...........
.###.###.>.................#.###.
......o..........#####.##..#...#.
####.########....#####.##..#.#.#.
# #.########....................
# #.........................###.
##########...######.##..#.# #.


There were no monsters in sight!

Vanquished Creatures
  2 hounds
  2 orc wizards (D:3)
  A worker ant (D:4)
  A howler monkey skeleton (D:4)
  3 adders
  A shadow imp (D:3)
  2 oozes
  4 worms
  3 dart slugs
  An orc (D:3)
  A ball python (D:3)
  9 bats
  5 giant cockroaches
  10 goblins
  11 hobgoblins
  8 jackals
  A quokka (D:4)
  9 frilled lizards
  A jackal skeleton (D:4)
  6 kobolds
  2 quokka skeletons
  3 rats (D:1)
86 creatures vanquished.

Notes
Turn   | Place    | Note
-------+----------+-------------------------------------------
     0 | D:1      | removed the Halfling Fire Elementalist began the quest for the Orb.
     0 | D:1      | Reached XP level 1. HP: 11/11 MP: 3/3
   114 | D:1      | Reached skill level 1 in Fighting
   137 | D:1      | Reached XP level 2. HP: 18/18 MP: 0/4
   581 | D:1      | Reached XP level 3. HP: 24/24 MP: 1/5
  1230 | D:2      | Reached skill level 3 in Dodging
  1427 | D:2      | Reached XP level 4. HP: 29/29 MP: 2/6
  1819 | D:2      | Found an iron altar of Okawaru.
  1937 | D:2      | Became a worshipper of Warmaster Okawaru
  2062 | D:2      | Reached skill level 4 in Dodging
  2312 | D:3      | Reached XP level 5. HP: 34/34 MP: 2/7
  2658 | D:3      | Reached skill level 5 in Dodging
  3263 | D:3      | Reached XP level 6. HP: 41/41 MP: 8/8
  3524 | D:4      | Noticed a phantom
  4708 | D:5      | Entered Level 5 of the Dungeon
  4723 | D:5      | Got a faintly glowing hunting sling
  4725 | D:5      | Identified the cursed +1 hunting sling of Valiance {flame, rElec Dex+4 Stlth+} (You found it on level 5 of the Dungeon)
  5049 | D:3      | Killed from afar by an orc wizard

Skill      XL: |  1  2  3  4  5  6 |
---------------+-------------------+-----
Fighting       | 1 2 3 |  3.8
Dodging        | 3 4 5 |  5.1
Stealth        | |  2.1
Spellcasting   | |  1.5
Conjurations   | |  0.7
Fire Magic     | |  3.0

Action                   |  1- 3 |  4- 6 || total
-------------------------+-------+-------++-------
Melee: Unarmed           |     3 |       ||     3
       Spear             |    48 |    10 ||    58
       Trident           |       |   139 ||   139
 Fire: Hunting sling     |       |     9 ||     9
 Cast: Flame Tongue      |    47 |    45 ||    92
  Use: Potion            |       |     3 ||     3
       Scroll            |       |     1 ||     1
 Stab: Sleeping          |     2 |     9 ||    11
  Eat: Chunk             |     3 |    12 ||    15
Armor: Robe              |    15 |    24 ||    39
Dodge: Dodged            |    61 |   141 ||   202
